 Dungeon Sprint DCSS version 0.29-a0-392-g297d3b089c (webtiles) character file.

Game seed: 6255714782387730490

760 mhtbhm the Basher (level 7, -6/81 HPs)
             Began as a Gargoyle Berserker on May 8, 2022.
             Was a Priest of Trog.
             Mangled by a boulder beetle (22 damage)
             ... in the Dungeon (Sprint II: "The Violet Keep of Menkaure").
             The game lasted 00:00:40 (372 turns).

mhtbhm the Basher (Gargoyle Berserker)               Turns: 372, Time: 00:00:40

Health: -6/81      AC:  7    Str: 21      XL:     7   Next: 80%
Magic:  5/5        EV: 12    Int:  7      God:    Trog [***...]
Gold:   486        SH:  0    Dex:  6 (7)  Spells: 6/6 levels left

rFire   . . .      SeeInvis .   a - +0 mace
rCold   . . .      Faith    .   (no shield)
rNeg    + . .      Spirit   .   b - +0 animal skin
rPois   ∞          Reflect  .   (no helmet)
rElec   +          Harm     .   (no cloak)
rCorr   .          Rampage  .   (no gloves)
Will    .....      NoTele   +   (no boots)
Stlth   ..........              (no amulet)
HPRegen 0.23/turn               (no ring)
MPRegen 0.09/turn               (no ring)

@: berserking (expiring), unable to read, very quick
A: sickness immunity, AC +4, negative energy resistance 1, electricity
resistance, torment resistance 1, petrification resistance, clumsy 1,
deterioration 1, low MP 2, weak 1, inability to read while threatened
a: Renounce Religion, Berserk, Trog's Hand


You were in the Dungeon.
You worshipped Trog.
Trog was most pleased with you.
You visited 1 branch You collected 486 gold pieces.

Inventory:

Hand Weapons
 a - a +0 mace (weapon)
Armour
 b - a +0 animal skin (worn)
Scrolls
 h - a scroll of blinking
Potions
 c - a potion of curing
 e - a potion of haste
 f - 2 potions of magic
 g - a potion of berserk rage


   Skills:
 + Level 11.2 Fighting
 + Level 11.4 Maces & Flails
 + Level 6.2 Armour
 + Level 4.7 Dodging


You had 6 spell levels left.
You didn't know any spells.
Your spell library was empty.

Dungeon Overview and Level Annotations

Branches:
Dungeon (1/1)

Altars:


Innate Abilities, Weirdness & Mutations

You are immune to sickness and miasma.
Your stone body is resilient. (AC +4)
You are immune to poison.
You resist negative energy. (rN+)
You are resistant to electric shocks. (rElec)
You are resistant to unholy torment.
You are immune to petrification.
You are clumsy. (Dex -2)
Your body sometimes deteriorates upon taking damage.
Your magical capacity is very low. (-20% MP)
You are weak. (Str -2)
You sometimes lose the ability to read scrolls when taking damage.


Message History

The boulder beetle is moderately wounded.
The boulder beetle bites you!!
You are too injured to fight recklessly!
You are too injured to fight recklessly!
You are too injured to fight recklessly!
You are too injured to fight recklessly!
You are too injured to fight recklessly!
You are too injured to fight recklessly!
You are too injured to fight recklessly!
You are too injured to fight recklessly!
You are too injured to fight recklessly!
You are too injured to fight recklessly!
You are too injured to fight recklessly!
You are too injured to fight recklessly!
You sock the boulder beetle!
The boulder beetle is heavily wounded.
The boulder beetle bites you.
* * * LOW HITPOINT WARNING * * *
You hit the boulder beetle but do no damage.
The boulder beetle is heavily wounded.
You hit the boulder beetle but do no damage.
The boulder beetle is heavily wounded.
The boulder beetle closely misses you.
You hit the boulder beetle but do no damage.
The boulder beetle is heavily wounded.
You hit the boulder beetle but do no damage.
The boulder beetle is heavily wounded.
The boulder beetle bites you.
* * * LOW HITPOINT WARNING * * *
You hit the boulder beetle.
The boulder beetle is heavily wounded.
You sock the boulder beetle!
The boulder beetle is heavily wounded.
The boulder beetle barely misses you.
You hit the boulder beetle but do no damage.
The boulder beetle is heavily wounded.
You hit the boulder beetle.
The boulder beetle is severely wounded.
The boulder beetle bites you!!
You die...

## ## ##.
.## .. ○.
## B#$ #
##.###+# .#
#...##.##l#
#.†.@.+#
#...##B##l#
##.###'##
.# ## #...#
# #.##..#
## ###


You could see a boulder beetle.

Vanquished Creatures
  4 neqoxecs (D)
  4 necrophages (D)
8 creatures vanquished.

Vanquished Creatures (others)
  Menkaure (D)
  A water moccasin (D)
2 creatures vanquished.

Grand Total: 10 creatures vanquished

Notes
Turn   | Place    | Note
-------+----------+-------------------------------------------
     0 | D        | mhtbhm the Gargoyle Berserker began the quest for the Orb.
     0 | D        | Reached XP level 1. HP: 14/14 MP: 1/1
     1 | D        | Noticed a wyvern
     1 | D        | Noticed a wyvern
     5 | D        | Noticed a neqoxec
     5 | D        | Noticed a neqoxec
     5 | D        | Noticed a neqoxec
     5 | D        | Noticed a neqoxec
    12 | D        | Killed a neqoxec
    13 | D        | Reached XP level 2. HP: 24/24 MP: 2/2
    13 | D        | Reached XP level 3. HP: 28/28 MP: 3/3
    13 | D        | Reached XP level 4. HP: 34/34 MP: 4/4
    13 | D        | Reached XP level 5. HP: 38/38 MP: 5/5
    17 | D        | Killed a neqoxec
    18 | D        | Reached XP level 6. HP: 45/45 MP: 6/6
    19 | D        | Killed Menkaure
    22 | D        | Gained mutation: You are clumsy. (Dex -2) [a neqoxec]
    22 | D        | Gained mutation: You sometimes lose the ability to read
                  | scrolls when taking damage. [a neqoxec]
    26 | D        | Gained mutation: Your body sometimes deteriorates upon
                  | taking damage. [a neqoxec]
    27 | D        | Killed a neqoxec
    27 | D        | Reached ** piety under Trog
    28 | D        | Reached skill level 5 in Armour
    30 | D        | Gained mutation: Your magical capacity is low. (-10% MP) [a
                  | neqoxec]
    32 | D        | Gained mutation: You are weak. (Str -2) [a neqoxec]
    39 | D        | Gained mutation: Your magical capacity is very low. (-20%
                  | MP) [a neqoxec]
    40 | D        | Killed a neqoxec
    41 | D        | Reached skill level 10 in Fighting
    41 | D        | Reached skill level 10 in Maces & Flails
    41 | D        | Reached XP level 7. HP: 21/53 MP: 5/5
   252 | D        | Reached *** piety under Trog
   354 | D        | Noticed a boulder beetle
   354 | D        | Noticed a boulder beetle
   372 | D        | Mangled by a boulder beetle

Illustrated notes

Levels and vault maps discovered:
D:        the_violet_keep_of_menkaure [sprint2_stairs_cluster_1,
          sprint2_shoproom, sprint2_temple, sprint2_basic_supplies,
          sprint2_obstacle_3, sprint2_obstacle_5, sprint2_obstacle_7,
          sprint2_obstacle_2, sprint2_obstacle_6, sprint2_timed_cluster_1,
          sprint2_smallroom_cluster_1, sprint2_smallroom_final_cluster_1,
          sprint2_transparent_cluster_1, sprint2_second_timed_cluster_1,
          sprint2_sniper_area_1, sprint2_heavy_combat_area_1,
          sprint2_mutation_trap_area_1, sprint2_forest_area_1,
          sprint2_light_combat_area_1, sprint2_behind_water_1,
          sprint2_near_end_vault_1]

Skill      XL: |  1  2  3  4  5  6  7 |
---------------+----------------------+-----
Fighting       | 7 8 10 11 | 11.2
Maces & Flails | 7 8 10 11 | 11.4
Armour         | 4 5 6 |  6.2
Dodging        | 3 4 |  4.7

Action                   |  1- 3 |  4- 6 |  7- 9 || total
-------------------------+-------+-------+-------++-------
Melee: Mace              |     6 |    26 |    55 ||    87
       Punch             |       |     1 |     3 ||     4
Invok: Berserk           |     1 |       |     1 ||     2
  Use: Potion            |       |     1 |       ||     1
Armor: Animal skin       |       |     4 |    11 ||    15
Dodge: Dodged            |     2 |    12 |    17 ||    31

Table legend: (Time is in decaauts)
 A = Elapsed time spent in this place.
 B = Non-inter-level travel time spent in this place.
 C = Inter-level travel time spent in this place.
 D = Time resting spent in this place.
 E = Time spent auto-exploring this place.
 F = Levels seen in this place.
 G = Mean time per level.
                   A        B        C        D        E       F      G
               +--------+--------+--------+--------+--------+-----+--------+
         Total |    366 |    366 |      0 |    252 |      0 |   1 |  366.0 |
       Dungeon |    366 |    366 |      0 |    252 |      0 |   1 |  366.0 |
               +--------+--------+--------+--------+--------+-----+--------+

Top non-repeatable levels by time:
       D: 366 daAuts
